Map: Megaton

Players

Infamous - Winner!

  • Race: Zerg Zerg
  • League: Silver
  • Spawn Location: 12:00

RedPyro

  • Race: Terran Terran
  • Spawn Location: 5:00

VOD

Have the link to the VOD?

Description

Time

  • Played on: March 18, 2018, 8:46 p.m.
  • Length: 23:30
Show
View Real Time Build Order
Export as new Build Order

Infamous Zerg - Winner!

Build Orders: Hatch First 

Get SALT Encoding   

  12  0:02  Drone  
  13  0:16  Drone  
  13  0:19  Overlord  
  14  0:43  Drone  
  15  0:58  Drone, Hatchery  
  15  1:05  Extractor  
  14  1:14  Spawning Pool  
  14  1:15  Drone  
  14  1:30  Drone  
  15  1:42  Drone  
  16  1:53  Drone  
  17  2:01  Queen  
  19  2:15  Drone  
  20  2:18  Queen  
  22  2:26  Zergling x4  
  22  2:27  Zergling x2  
  22  2:29  Drone  
  26  2:32  Overlord  
  26  2:58  Drone x2  
  28  3:08  Overlord  
  28  3:09  Overlord  
  28  3:18  Overlord  
  28  3:19  Overlord  
  28  3:26  Queen x2  
  32  3:28  Drone x2  
  32  3:29  Drone x2  
  32  3:32  Drone x2  
  38  3:36  Extractor  
  37  4:14  Queen  
  37  4:15  Queen  
  41  4:17  Drone x2  
  41  4:19  Drone  
  41  4:21  Drone  
  42  4:43  Baneling Nest  
  41  4:50  Roach Warren  
  40  4:55  Extractor  
  40  4:59  Zergling x4  
  42  5:00  Zergling x4  
  43  5:12  Drone  
  43  5:13  Drone  
  45  5:15  Drone  
  45  5:16  Drone  
  47  5:22  Metabolic Boost  
  47  5:31  Drone x2  
  47  5:34  Drone x2  
  51  5:55  Drone  
  51  5:56  Drone  
  53  6:06  Baneling x2  
  53  6:07  Baneling x6  
  53  6:09  Drone, Zergling x4  
  53  6:10  Zergling x8  
  60  6:14  Overlord  
  59  6:47  Baneling  
  59  6:48  Baneling x6  
  59  6:49  Baneling x5  
  59  6:57  Evolution Chamber  
  59  6:58  Drone  
  59  6:59  Drone x3  
  59  7:00  Drone  
  59  7:01  Drone x4  
  65  7:02  Drone  
  65  7:05  Pneumatized Carapace  
  68  7:26  Overlord  
  68  7:32  Overlord  
  68  8:08  Zergling x10  
  68  8:09  Zergling x14  
  80  8:27  Hatchery  
  79  8:32  Drone  
  79  8:33  Drone, Hatchery  
  80  8:46  Zergling x8  
  84  8:48  Overlord  
  84  8:49  Overlord  
  84  8:50  Overlord  
  84  8:58  Lair  
  84  9:09  Drone  
  85  9:10  Zergling x4  
  73  9:29  Zergling x2  
  73  9:30  Zergling x6  
  70  9:41  Drone  
  71  9:49  Drone x4  
  71  9:50  Drone  
  76  10:10  Hydralisk Den  
  75  10:20  Nydus Network  
  74  10:22  Zerg Ground Armor Level 1  
  74  10:25  Tunneling Claws  
  74  10:29  Drone x3  
  74  10:30  Drone x4  
  74  10:31  Drone  
  82  11:10  Hydralisk x3  
  82  11:11  Hydralisk x6  
  88  11:12  Hydralisk x3  
  106  11:30  Drone  
  106  11:31  Drone x5  
  106  11:32  Drone  
  113  11:56  Hydralisk x3  
  113  12:01  Overlord x2  
  119  12:03  Overlord  
  119  12:04  Zergling x2  
  120  12:15  Overseer  
  120  12:19  Overseer  
  120  12:20  Overseer  
  120  12:21  Overseer  
  120  12:45  Zergling x14  
  127  13:00  Hydralisk x4  
  127  13:01  Hydralisk x4  
  127  13:03  Zergling x2  
  144  14:21  Nydus Canal  
  144  14:32  Overlord x3  
  106  15:17  Hydralisk x5  
  106  15:18  Hydralisk x8  
  106  15:19  Hydralisk x6  
  106  15:20  Hydralisk x5  
  129  15:35  Grooved Spines  
  127  15:46  Zergling x14  
  127  15:47  Zergling x2  
  135  16:16  Hydralisk x4  
  135  16:17  Hydralisk x3  
  135  16:18  Zergling x8  
  152  16:19  Zergling x14  
  160  16:27  Spire  
  159  16:36  Overlord x3  
  159  16:37  Overlord  
  128  17:10  Hydralisk x5  
  128  17:11  Hydralisk x7  
  128  17:12  Hydralisk x3  
  154  17:35  Hydralisk x2  
  154  17:36  Hydralisk x6  
  168  17:40  Zerg Flyer Weapons Level 1  
  170  18:03  Extractor, Mutalisk x2  
  170  18:04  Mutalisk x5  
  183  18:12  Muscular Augments  
  183  18:36  Overlord  
  183  18:37  Overlord x4  
  183  19:05  Mutalisk x4  
  183  19:06  Mutalisk  
  193  19:11  Overseer  
  193  19:23  Mutalisk  
  195  19:34  Corruptor  
  195  19:35  Corruptor  
  199  19:46  Extractor  
  199  19:47  Extractor  
  199  19:52  Drone x2  
  199  21:23  Mutalisk x3  
  199  21:24  Mutalisk x7  
  199  21:25  Mutalisk  
  197  22:40  Zergling x4  
Show
View Real Time Build Order
Export as new Build Order

RedPyro Terran 

Build Orders:  

Get SALT Encoding   

  12  0:26  SCV  
  13  0:30  Supply Depot  
  13  0:39  SCV  
  14  0:47  Supply Depot  
  14  0:51  SCV  
  15  1:03  SCV  
  16  1:06  Barracks  
  16  1:15  SCV  
  17  1:27  SCV  
  17  1:29  Barracks  
  18  1:39  SCV  
  19  1:41  Refinery  
  19  1:51  SCV  
  20  2:03  Bunker, SCV  
  20  2:06  Marine  
  22  2:15  SCV  
  23  2:24  Marine  
  23  2:25  Engineering Bay  
  23  2:27  SCV  
  25  2:40  SCV  
  25  2:42  Marine  
  27  2:52  SCV  
  28  2:59  Marine  
  28  3:04  SCV  
  30  3:09  Factory  
  30  3:17  Marine  
  31  3:31  Supply Depot  
  31  3:34  Refinery  
  31  3:52  Marine x2  
  31  3:55  Factory Tech Lab  
  33  4:04  Bunker  
  33  4:10  Marine x2  
  25  4:28  Marine x2  
  27  4:37  SCV  
  28  4:45  Marine x2  
  28  4:49  SCV  
  31  4:57  Command Center  
  31  5:02  SCV  
  31  5:03  Marine x2  
  34  5:14  SCV  
  35  5:26  SCV  
  36  5:34  Siege Tank  
  39  5:45  Supply Depot  
  39  6:07  Siege Tank, SCV  
  43  6:19  SCV  
  44  6:26  SCV  
  44  6:31  SCV  
  46  6:38  SCV  
  46  6:39  Siege Tank  
  50  6:43  SCV  
  51  6:49  Supply Depot  
  51  6:50  SCV  
  52  6:55  SCV  
  53  7:02  SCV  
  54  7:11  Siege Tank  
  54  7:14  SCV  
  58  7:21  Bunker  
  58  7:29  Supply Depot, SCV  
  59  7:41  SCV  
  60  7:46  Building Armor  
  60  7:53  SCV  
  61  8:05  SCV  
  62  8:17  SCV  
  63  8:29  SCV  
  63  8:32  Marine x2  
  66  8:41  SCV  
  67  8:50  Marine x2  
  67  8:54  SCV  
  70  8:58  Command Center  
  70  9:06  SCV  
  70  9:08  Marine x2  
  73  9:18  SCV  
  71  9:25  Marine x2  
  71  9:27  Terran Infantry Armor Level 1  
  71  9:30  SCV  
  73  9:40  Supply Depot  
  73  9:43  Marine x2  
  75  10:01  Marine x2  
  77  10:14  Cyclone  
  77  10:19  Marine x2  
  82  10:37  Marine x2  
  84  10:46  Cyclone  
  87  10:53  Supply Depot  
  87  10:54  Marine x2  
  89  11:04  Refinery  
  89  11:06  Refinery  
  89  11:08  SCV  
  90  11:13  Reaper  
  90  11:15  Refinery  
  91  11:18  Cyclone  
  91  11:20  SCV  
  91  11:21  Terran Infantry Weapons Level 1  
  95  11:32  SCV  
  96  11:36  Barracks Tech Lab  
  96  11:44  Marine, SCV  
  98  11:50  Cyclone  
  101  11:56  SCV  
  102  12:02  Marine  
  103  12:19  SCV  
  103  12:20  Marine  
  108  12:22  Cyclone  
  108  12:31  SCV  
  109  12:51  Marine  
  109  13:05  Supply Depot  
  109  13:08  Supply Depot  
  109  13:14  Neosteel Frame  
  109  13:26  Hellion, Reaper, SCV  
  113  13:38  SCV  
  114  13:46  Marine  
  114  13:48  Siege Tank  
  118  13:50  Command Center, SCV  
  119  13:58  Marine, Barracks  
  120  14:04  Marine  
  121  14:16  Marine  
  122  14:22  Marine  
  123  14:34  Marine  
  124  14:40  Marine  
  121  14:51  Marine  
  115  14:57  Marine  
  114  15:09  Marine  
  105  15:15  Marine  
  102  15:27  Marine  
  95  16:46  Marine  
  96  16:47  Marine  
  96  16:50  Marine  
  97  17:04  Marine  
  97  17:05  Marine  
  97  17:08  Marine  
  67  17:21  Marine  
  68  17:23  Marine  
  68  17:25  Marine  
  70  17:39  Marine  
  70  17:40  Marine  
  70  17:43  Marine  
  73  17:57  Marine  
  74  17:58  Marine  
  74  18:01  Marine  
  76  18:11  Starport  
  76  18:15  Marine  
  76  18:16  Marine  
  76  18:19  Marine  
  79  18:33  Marine  
  80  18:34  Marine  
  80  18:36  Factory  
  80  18:37  Marine  
  82  18:50  Marine  
  82  18:52  Marine  
  82  18:54  Marine  
  85  19:07  Medivac  
  87  19:12  Marine  
  88  19:34  Marine  
  88  19:36  Marine  
  88  19:37  Medivac  
  92  19:52  Supply Depot, Marine  
  93  19:54  Marine  
  93  19:57  Factory Reactor  
  94  20:02  SCV  
  95  20:07  Medivac  
  95  20:10  Marine  
  95  20:12  Marine  
  99  20:15  SCV  
  89  20:27  Marine, SCV  
  85  20:29  Marine  
  86  20:37  Medivac  
  86  20:39  SCV  
  89  20:45  Marine  
  89  20:47  Marine  
  91  20:51  SCV  
  92  21:03  SCV  
  91  21:07  Medivac  
  93  21:15  SCV  
  85  21:40  SCV  
  86  21:52  SCV  
  87  22:04  SCV  
  88  22:16  SCV  
  89  22:28  SCV  
  90  22:36  Armory  
Tags
 
League
Silver
Matchup
TvZ
Replay Pack
Last Remnant (2)
Spawn Locations
Cross Positions
Add a new tag
Caveats
  • Supply blocks, unpowered buildings, or Contaminate may cause inaccurate times.
  • Supply counts are checked every 10 seconds.